 Dungeon Crawl Stone Soup version 0.19-a0-277-g85cb9a5 (webtiles) character file.

19383 epen the Destroyer (level 12, -1/89 HPs)
             Began as a Demonspawn Wanderer on May 26, 2016.
             Was an Elder of Vehumet.
             Slain by a five-headed hydra (14 damage)
             ... on level 3 of the Lair of Beasts.
             The game lasted 00:43:29 (15145 turns).

epen the Destroyer (Demonspawn Wanderer)           Turns: 15145, Time: 00:43:30

Health: -1/89      AC: 10    Str: 14    XL:     12   Next: 36%
Magic:  17/22      EV: 15    Int: 15    God:    Vehumet [****..]
Gold:   912        SH:  0    Dex: 15    Spells: 6 memorised, 9 levels left

rFire  + . .     SeeInvis .       - Unarmed
rCold  + + .     Gourm    .     P - +1 robe {rC+ rF+}
rNeg   . . .     Faith    .     (no shield)
rPois  +         Spirit   .     (no helmet)
rElec  .         Dismiss  .     l - +0 cloak
rCorr  .         Reflect  .     e - +0 pair of gloves
SustAt .         Harm     .     A - +1 pair of boots
MR     .....                    G - amulet of magic regeneration
Stlth  ++........               v - ring of protection from cold
                                o - ring of poison resistance

@: repel missiles, not resistant to hostile enchantments, unstealthy
A: claws 2, yellow scales 1, powered by death 2, spiny 3
a: Renounce Religion


You were on level 3 of the Lair of Beasts.
You worshipped Vehumet.
Vehumet was greatly pleased with you.
You were very hungry.

You visited 3 branches of the dungeon, and saw 15 of its levels.
You also visited: Sewer.

You collected 912 gold pieces.

Inventory:

Armour
 e - a +0 pair of gloves (worn)
 l - a +0 cloak (worn)
 m - a +0 cloak
 A - a +1 pair of boots (worn)
 F - a +2 robe of magic resistance
 P - a +1 robe of resistance (worn)
Jewellery
 o - a ring of poison resistance (left hand)
 v - a ring of protection from cold (right hand)
 G - an amulet of magic regeneration (around neck)
 U - an uncursed ring of flight
Wands
 d - a wand of polymorph (12/24)
 g - a wand of flame (36/48)
 t - a wand of iceblast (15/15)
 J - a wand of iceblast (10/15)
 Q - a wand of iceblast (4/15)
Scrolls
 h - 4 scrolls of remove curse
 j - 5 scrolls of fog
 k - 4 scrolls of identify
 y - 3 scrolls of enchant weapon
 D - 5 scrolls of teleportation
 L - 2 scrolls of magic mapping
 M - 2 scrolls of recharging
Potions
 b - 8 potions of curing
 i - 2 potions of berserk rage
 n - a potion of lignification {unknown}
 r - a potion of degeneration {unknown}
 s - 5 potions of flight
 w - 5 potions of might
 x - 2 potions of haste
 z - 2 potions of heal wounds
 B - a potion of cure mutation {unknown}
 I - a potion of resistance {unknown}
Books
 a - a book of Minor Magic

   Spells                             Type                      Level
   a - Magic Dart                     Conjuration                  1
   b - Blink                          Translocation                2
   c - Call Imp                       Summoning                    2
   d - Repel Missiles                 Charms/Air                   2
   e - Slow                           Hexes                        2
   f - Conjure Flame                  Conjuration/Fire             3
   g - Mephitic Cloud                 Conjuration/Poison/Air       3
 c - the Disquisition on Weightlessness

   Spells                             Type                      Level
   a - Shock                          Conjuration/Air              1
   b - Static Discharge               Conjuration/Air              3
 C - a book of Unlife

   Spells                             Type                      Level
   a - Recall                         Summoning/Translocation      3
   b - Animate Dead                   Necromancy                   4
   c - Control Undead                 Necromancy                   4
   d - Cigotuvi's Embrace             Necromancy                   5
   e - Death Channel                  Necromancy                   6
   f - Simulacrum                     Ice/Necromancy               6
 W - a book of the Earth

   Spells                             Type                      Level
   a - Leda's Liquefaction            Hexes/Earth                  4
   b - Bolt of Magma                  Conjuration/Fire/Earth       5
   c - Statue Form                    Transmutation/Earth          6
   d - Iron Shot                      Conjuration/Earth            6
   e - Shatter                        Earth                        9
Miscellaneous
 R - a sack of spiders
Comestibles
 f - 9 bread rations
 p - a slice of pizza
 E - 6 fruits
 H - 4 meat rations
 K - a beef jerky


   Skills:
 + Level 6.7 Fighting
 + Level 6.3 Armour
 + Level 5.8 Dodging
   Level 1.0 Shields
 + Level 5.1 Unarmed Combat
 + Level 6.8 Spellcasting
 * Level 9.8 Conjurations
 + Level 4.3 Fire Magic
   Level 1.0 Ice Magic
 * Level 9.4 Air Magic
 - Level 1.0 Evocations


You had 9 spell levels left.
You knew the following spells:

 Your Spells              Type           Power        Failure   Level  Hunger
a - Shock                 Conj/Air       ####         1%          1    None
b - Repel Missiles        Chrm/Air       ###...       3%          2    None
c - Static Discharge      Conj/Air       ####....     1%          3    ##.....
d - Mephitic Cloud        Conj/Pois/Air  ###.....     1%          3    ##.....
e - Conjure Flame         Conj/Fire      ####....     1%          3    ##.....
f - Dazzling Spray        Conj/Hex       ###...       1%          3    ##.....


Dungeon Overview and Level Annotations

Branches:
Dungeon (11/15)            Temple (1/1) D:7            Lair (3/8) D:11
  Swamp (0/4) Lair:3
  Snake: Lair:3-6    Spider: Lair:3-6       Orc: D:9-12

Altars:
Ashenzari
Dithmenos
Elyvilon
Fedhas
Gozag
Hepliaklqana
Kikubaaqudgha
Makhleb
Nemelex Xobeh
Okawaru
Pakellas
Qazlal
Ru
Sif Muna
Trog
Ukayaw
Vehumet
Xom
Yredelemnul
Zin
The Shining One
Beogh

Annotations:
D:3 epen's ghost, amateur DsWn
Lair:2 FrancescoMac's ghost, journeyman MiCK


Innate Abilities, Weirdness & Mutations

You have very sharp fingernails.
You are partially covered in yellow scales. (AC +2)
You regenerate health from kills.
You are completely covered in sharp spines.


Message History

You feel much better. The five-headed hydra bites you.
The five-headed hydra closely misses you.
The five-headed hydra barely misses you. x2
The five-headed hydra bites you!
* * * LOW HITPOINT WARNING * * *
Unknown command.
Casting: Mephitic Cloud
Confirm with . or Enter, or press ? or * to list all spells.
Aiming: Mephitic Cloud
Press: ? - help, Shift-Dir - straight line The ball explodes into a vile cloud!
The stinking cloud engulfs the five-headed hydra.
The five-headed hydra is lightly wounded.
The stinking cloud engulfs you!
You are feeling very hungry.
The five-headed hydra misses you. The five-headed hydra bites you!
* * * LOW HITPOINT WARNING * * *
The five-headed hydra bites you but does no damage.
The five-headed hydra bites you!
You die...

## .# ##.# ###..#
#####.#..#
###...§§.§.###
...t....§D@...#
........#§§...#
$.#...P.#.#...#
$.#....#.#....#
........#....##
....#P...#...#.#
.......##..#..##
...#..#......# #
#...........##P#.


You could see a five-headed hydra and a crocodile (confused).

Vanquished Creatures
  Erolcha (D:8)
  Erica (D:11)
  The ghost of Gruesome the Nimble, a novice DESu of Hepliaklqana (D:10)
  Pikel (D:5)
  2 hill giants (D:11)
  A cyclops (D:11)
  6 spiny frogs
  Psyche (D:10)
  2 komodo dragons (Lair:1)
  A troll (D:9)
  8 blink frogs
  A spriggan (Lair:2)
  A water elemental (D:11)
  19 yaks
  Grum (D:8)
  4 hippogriffs
  A hungry ghost (D:10)
  A soldier ant (D:6)
  4 water moccasins
  13 orc warriors
  8 porcupines
  An eye of draining (D:10)
  A sky beast (D:7)
  A slave (D:5)
  2 ice beasts
  5 black bears
  A wasp (D:7)
  A phantom (D:8)
  12 wolves
  5 ogres
  A centaur (D:11)
  A big kobold (Sewer)
  5 crocodiles
  10 giant frogs
  A gnoll sergeant (D:5)
  A scorpion (D:6)
  4 wights (D:11)
  6 electric eels
  A vampire bat (Lair:1)
  A howler monkey (D:5)
  10 crimson imps
  A wasp zombie (D:8)
  4 jellies
  2 hounds (D:11)
  2 centaur skeletons
  7 orc priests
  Crazy Yiuf (D:7)
  2 giant frog skeletons
  8 iguanas
  7 orc wizards
  4 worker ants
  2 worker ant zombies
  9 gnolls
  12 adders
  A howler monkey skeleton (D:7)
  11 river rats
  2 shadow imps
  An ooze (D:1)
  2 adder zombies
  4 worms
  2 dart slugs
  8 giant geckos
  45 orcs
  5 giant cockroaches
  7 goblins
  4 hobgoblins
  18 jackals
  8 quokkas
  3 ball pythons
  29 bats
  A giant gecko zombie (D:6)
  2 giant newts (D:1)
  A jackal skeleton (D:4)
  7 kobolds
  19 rats
  2 fungi
  A plant (D:11)
392 creatures vanquished.

Vanquished Creatures (others)
  An ogre (D:5)
  A gnoll (D:5)
  A river rat (D:11)
  A plant (Lair:3)
4 creatures vanquished.

Grand Total: 396 creatures vanquished

Notes
Turn   | Place    | Note
--------------------------------------------------------------
     0 | D:1      | epen the Demonspawn Wanderer began the quest for the Orb.
     0 | D:1      | epen set off with: a book of Minor Magic, a potion of curing, the Disquisition on Weightlessness, a +0 robe, a +0 dagger, a bread ration
     0 | D:1      | Reached XP level 1. HP: 13/13 MP: 4/4
     0 | D:1      | Identified the Disquisition on Weightlessness
     2 | D:1      | Learned a level 1 spell: Shock
   370 | D:1      | Gained mutation: You regenerate a little health from kills. [demonic ancestry]
   370 | D:1      | Reached XP level 2. HP: 19/20 MP: 1/6
   455 | D:1      | Learned a level 2 spell: Repel Missiles
  1039 | D:1      | Gained mutation: You are partially covered in yellow scales. (AC +2) [demonic ancestry]
  1039 | D:1      | Reached XP level 3. HP: 25/25 MP: 7/7
  1199 | D:1      | Learned a level 3 spell: Static Discharge
  1499 | D:1      | Reached skill level 1 in Fighting
  1596 | D:2      | Found a faded altar to an unknown god.
  2755 | D:3      | Gained mutation: You regenerate health from kills. [demonic ancestry]
  2755 | D:3      | Reached XP level 4. HP: 31/32 MP: 4/8
  3086 | D:3      | Noticed epen's ghost (amateur DsWn)
  3348 | D:4      | Reached skill level 1 in Armour
  3348 | D:4      | Reached skill level 1 in Dodging
  3400 | D:4      | Noticed a phantom
  3413 | D:4      | Found a shadowy altar of Dithmenos.
  3413 | D:4      | Found a sacrificial altar of Ru.
  4047 | D:4      | Found a blossoming altar of Fedhas.
  4502 | D:5      | Entered Level 5 of the Dungeon
  4526 | D:5      | Gained mutation: You are partially covered in sharp spines. [demonic ancestry]
  4526 | D:5      | Reached XP level 5. HP: 33/37 MP: 5/10
  4654 | D:5      | Reached XP level 6. HP: 43/44 MP: 1/11
  4737 | D:5      | Learned a level 3 spell: Mephitic Cloud
  4833 | D:5      | Noticed Pikel
  4839 | D:5      | Noticed a slave
  4841 | D:5      | Noticed a slave
  4843 | D:5      | Noticed a slave
  4846 | D:5      | Noticed a slave
  4865 | D:5      | Killed a slave
  4873 | D:5      | Killed Pikel
  4873 | D:5      | Reached skill level 5 in Air Magic
  4873 | D:5      | Gained mutation: You have sharp fingernails. [demonic ancestry]
  4873 | D:5      | Reached XP level 7. HP: 43/51 MP: 5/13
  5207 | D:5      | Found a glowing drain.
  5212 | Sewer    | Entered a sewer
  5305 | Sewer    | Gained mutation: You are mostly covered in sharp spines. [demonic ancestry]
  5305 | Sewer    | Reached XP level 8. HP: 58/58 MP: 8/14
  5362 | Sewer    | Found a white marble altar of Elyvilon.
  5759 | D:6      | Reached skill level 1 in Unarmed Combat
  5998 | D:6      | Found an opulent altar of Gozag.
  6056 | D:6      | Found a stormy altar of Qazlal.
  6444 | D:7      | Reached skill level 5 in Conjurations
  6558 | D:7      | Learned a level 3 spell: Conjure Flame
  6575 | D:7      | Found a staircase to the Ecumenical Temple.
  6585 | Temple   | Entered the Ecumenical Temple
  6869 | D:7      | Reached XP level 9. HP: 65/65 MP: 15/15
  6897 | D:7      | Found a shimmering altar of Xom.
  7091 | D:7      | Found a bloodstained altar of Trog.
  7241 | D:7      | Noticed Crazy Yiuf
  7253 | D:7      | Killed Crazy Yiuf
  7350 | D:8      | Noticed Grum
  7354 | D:8      | Reached skill level 1 in Fire Magic
  7366 | D:8      | Killed Grum
  7393 | D:8      | Noticed Erolcha
  7426 | D:8      | Killed Erolcha
  7426 | D:8      | Reached skill level 5 in Spellcasting
  7676 | D:8      | Gained mutation: You have very sharp fingernails. [demonic ancestry]
  7676 | D:8      | Reached XP level 10. HP: 73/73 MP: 17/17
  8047 | D:9      | Found a shattered altar of Ashenzari.
  8049 | D:9      | Found an opulent altar of Gozag.
  8099 | D:9      | Reached skill level 5 in Fighting
  8123 | D:9      | Found a radiant altar of Vehumet.
  8135 | D:9      | Became a worshipper of Vehumet
  8503 | D:9      | You fall through a shaft!
  8503 | D:10     | Entered Level 10 of the Dungeon
  8519 | D:10     | Reached * piety under Vehumet
  8519 | D:10     | Offered knowledge of Sandblast by Vehumet.
  8555 | D:10     | Noticed Gruesome's ghost (novice DESu)
  8606 | D:10     | Noticed Psyche
  8644 | D:10     | Killed Psyche
  9176 | D:10     | Found a roughly hewn altar of Beogh.
  9436 | D:10     | Killed Gruesome's ghost
  9436 | D:10     | Reached ** piety under Vehumet
  9436 | D:10     | Reached skill level 5 in Armour
  9476 | D:10     | Offered knowledge of Throw Frost by Vehumet.
  9497 | D:10     | Learned a level 2 spell: Throw Frost
  9882 | D:11     | Reached XP level 11. HP: 79/81 MP: 19/19
 10135 | D:11     | Offered knowledge of Dazzling Spray by Vehumet.
 10155 | D:11     | Noticed a hill giant
 10182 | D:11     | Killed a hill giant
 10208 | D:11     | Found a staircase to the Lair.
 10608 | D:11     | Reached *** piety under Vehumet
 11388 | Lair:1   | Entered Level 1 of the Lair of Beasts
 11397 | Lair:1   | Noticed Erica
 11455 | D:11     | Killed Erica
 11523 | D:11     | Noticed a hill giant
 12052 | D:11     | Killed a hill giant
 12052 | D:11     | Reached skill level 5 in Dodging
 12404 | Lair:1   | Learned a level 3 spell: Dazzling Spray
 12504 | Lair:1   | Offered knowledge of Force Lance by Vehumet.
 12869 | Lair:1   | Reached **** piety under Vehumet
 14217 | Lair:2   | Noticed FrancescoMac's ghost (journeyman MiCK)
 14389 | Lair:1   | Offered knowledge of Ignite Poison by Vehumet.
 14389 | Lair:1   | Gained mutation: You are completely covered in sharp spines. [demonic ancestry]
 14389 | Lair:1   | Reached XP level 12. HP: 63/89 MP: 21/21
 14725 | Lair:2   | Reached skill level 5 in Unarmed Combat
 15107 | Lair:3   | Found a staircase to the Swamp.
 15130 | Lair:3   | Noticed a five-headed hydra
 15145 | Lair:3   | Slain by a five-headed hydra

Vault maps used:
D:1:      evilmike_arrival_crescent
D:2:      ecumenical_altar_1
D:3:      lemuel_doored_altar, first_bread, serial_park_tiny_1
D:4:      gammafunk_temple_overflow_pools, lemuel_round_altar
D:5:      gup_sewer_entry_bowl, st_stairs_8, uniq_pikel
D:6:      overflow_temple_1_default, basic_altar
D:7:      old_standard_altar, nicolae_overflow_hidden_temple,
          minmay_temple_entry_glass, uniq_crazy_yiuf_cottage
D:8:      uniq_erolcha, uniq_grum
D:9:      grunt_temple_overflow_open, grunt_livestock
D:10:     kennysheep_decorative_pillar, uniq_psyche
D:11:     grunt_lair_entry_orc_guard_hut
Temple:   circular_temple_12
Lair:1:   st_stairs_9, roderic_batcave, grunt_megastairs_5, uniq_erica
Lair:2:   grunt_forest_stairs_clearing, grunt_megastairs_2, serial_bayou_shore_b
Lair:3:   minmay_swamp_entry_eels, nicolae_spider_entry_non_spiders,
          st_stairs_10
Sewer:    sewer_kobolds

Skill      XL: |  1  2  3  4  5  6  7  8  9 10 11 12 |
---------------+-------------------------------------+-----
Air Magic      | 3 4 5 6 7 8 9 |  9.4
Fighting       | 1 2 3 4 5 6 |  6.7
Armour         | 1 2 3 4 5 6 |  6.3
Dodging        | 1 2 3 4 5 |  5.8
Conjurations   | 2 4 5 6 8 9 |  9.8
Spellcasting   | 4 5 6 |  6.8
Unarmed Combat | 2 3 4 5 |  5.1
Fire Magic     | 2 4 |  4.3
Shields        | |  1.0
Ice Magic      | |  1.0
Evocations     | |  1.0

Action                   |  1- 3 |  4- 6 |  7- 9 | 10-12 || total
-------------------------+-------+-------+-------+-------++-------
Melee: Short sword       |   114 |   148 |     6 |       ||   268
       Dagger            |     2 |       |       |       ||     2
       Unarmed           |       |       |   289 |   751 ||  1040
       Punch             |       |       |     3 |    19 ||    22
 Cast: Shock             |    91 |    31 |    11 |    29 ||   162
       Repel Missiles    |     1 |     1 |       |     3 ||     5
       Static Discharge  |     5 |     2 |       |     4 ||    11
       Mephitic Cloud    |       |     1 |    20 |    73 ||    94
       Conjure Flame     |       |       |     1 |     4 ||     5
       Throw Frost       |       |       |       |     9 ||     9
  Use: Scroll            |     1 |       |    11 |     7 ||    19
       Potion            |       |     1 |       |     6 ||     7
 Stab: Confused          |       |     7 |    15 |    40 ||    62
  Eat: Chunk             |     8 |     7 |    10 |    27 ||    52
       Beef jerky        |       |     1 |       |       ||     1
       Fruit             |       |       |     1 |       ||     1
       Royal jelly       |       |       |       |     1 ||     1
       Pizza             |       |       |       |     1 ||     1
Armor: Robe              |    55 |    39 |    54 |   131 ||   279
Dodge: Dodged            |   114 |    93 |   139 |   384 ||   730
       Deflected         |       |     1 |     1 |     6 ||     8
